 Dungeon Sprint DCSS version 0.24.0-1-gfbc8707 (webtiles) character file.

Game seed: 16445652415150147791, levelgen mode: deterministic

261 Fang the Skirmisher (level 6, 0/44 HPs)
             Began as a Gargoyle Berserker on Nov 8, 2019.
             Was a Believer of Trog.
             Slain by a deep elf mage
             ... wielding a +0 battleaxe of venom
              (8 damage)
             ... in the Dungeon (Sprint V: "Ziggurat Sprint").
             The game lasted 00:00:50 (277 turns).

Fang the Skirmisher (Gargoyle Berserker)             Turns: 277, Time: 00:00:51

Health: 0/44       AC: 32    Str: 34    XL:     6   Next: 18%
Magic:  6/6        EV:  2    Int:  8    God:    Trog [**....]
Gold:   0          SH: 26    Dex:  9    Spells: 5/5 levels left

rFire    . . .     SeeInvis .   a - +5 broad axe
rCold    . . .     Gourm    .   E - +18 shield of the Gong {rElec rN+ MR+ EV-5}
rNeg     + + .     Faith    .   b - +15 Maxwell's patent armour {-Cast -Tele rElec MR+ rCorr}
rPois    ∞         Spirit   .   (no helmet)
rElec    +         Reflect  .   (no cloak)
rCorr    +         Harm     .   (no gloves)
MR       ++++.     NoTele   +   (no boots) Stlth ..........NoCast +
                                (no amulet)
HPRegen  1.14/turn              C - +6 ring of strength
MPRegen  0.10/turn              D - +6 ring of strength

@: berserk cooldown, regenerating, slowed, very slow
A: negative energy resistance 1, electricity resistance, unbreathing,
petrification resistance, rot immunity, AC +4
a: Berserk, Trog's Hand, Renounce Religion


You were in the Dungeon.
You worshipped Trog.
Trog was pleased with you.
You were full.

You visited 1 branch

Inventory:

Hand Weapons
 a - a +5 broad axe (weapon)
Armour
 b - the +15 Maxwell's patent armour (worn) {-Cast -Tele rElec MR+ rCorr}
   (You found it in the Dungeon)

   It insulates you from electricity.
   It affects your resistance to hostile enchantments.
   It prevents spellcasting.
   It prevents most forms of teleportation.
   It provides partial protection from all sources of acid and corrosion.
 E - the +18 shield of the Gong (worn) {rElec rN+ MR+ EV-5}
   (You found it in the Dungeon)

   It affects your evasion (-5).
   It insulates you from electricity.
   It protects you from negative energy.
   It affects your resistance to hostile enchantments.
Jewellery
 C - a +6 ring of strength (left hand)
 D - a +6 ring of strength (right hand)
Wands
 u - a wand of disintegration (7)
 v - a wand of iceblast (7)
 w - a wand of acid (7)
Scrolls
 i - 4 scrolls of blinking
 j - 7 scrolls of fog
 k - a scroll of holy word
 l - 5 scrolls of identify
 m - 5 scrolls of remove curse
 n - 2 scrolls of fear
Potions
 d - 10 potions of curing
 e - 10 potions of heal wounds
 f - 6 potions of haste
 h - 3 potions of berserk rage
 p - 2 potions of invisibility
 q - 4 potions of resistance
 r - a potion of experience
 s - 5 potions of agility
 t - 5 potions of might
Comestibles
 c - 6 rations


   Skills:
 + Level 7.5 Fighting
 + Level 6.2 Axes
 + Level 7.1 Armour
 + Level 5.3 Dodging


You had 5 spell levels left.
You didn't know any spells.
Your spell library was empty.

Dungeon Overview and Level Annotations

Branches:
Dungeon (1/1)

Altars:
Ashenzari
Cheibriados
Dithmenos
Elyvilon
Fedhas
Gozag
Hepliaklqana
Kikubaaqudgha
Makhleb
Nemelex Xobeh
Okawaru
Qazlal
Ru
Sif Muna
Trog
Uskayaw
Vehumet
Wu Jian
Xom
Yredelemnul
Zin
The Shining One
Beogh
Jiyva
Lugonu

Annotations:
D 1 transporter


Innate Abilities, Weirdness & Mutations

You are resistant to torment.
Your stone body is resilient. (AC +4)
You are immune to poison.
You resist negative energy. (rN+)
You are resistant to electric shocks. (rElec)
You can survive without breathing.
You are immune to petrification.
You are immune to rotting.


Message History

The hell rat completely misses you.
The deep elf mage hits you but does no damage.
The hellwing hits you but does no damage.
The hellwing barely misses you.
The redback bites you but does no damage.
You eat one of the 7 rations.
That ration really hit the spot!
You feel less confused. You block the tarantella's attack.
GONNNNG!
The deep elf archer casts a spell at you.
You resist with almost no effort.
The hell rat bites you but does no damage.
The red devil hits you from afar with a +0 demon trident.
* * * LOW HITPOINT WARNING * * *
You block the hellwing's attack.
GONNNNG!
The hellwing hits you but does no damage.
The jumping spider leaps!
The deep elf mage hits you with a +0 battleaxe of venom!
You die...

▓▓▓▓▓▓▓▓▓▓▓▓▓▓▓▓▓▓▓
▓.8©8.▓.8©8.▓.8©8.▓
▓.))).▓.})[.▓.....▓
▓..:..▓.....▓.}.=.▓
▓..e.s▓.....▓.....▓
▓.4ss.▓.....▓.....▓
▓sr@e○▓.....▓..©..▓
▓4.e..▓..©..▓▓▓▓▓▓▓
▓▓▓▓▓▓▓▓▓▓▓▓▓


You could see a deep elf archer, a hellwing, 2 deep elf magi, a jumping spider,
a red devil, 2 tarantellas, a redback and a hell rat.

Vanquished Creatures
  2 phantoms (D)
  An earth elemental (D)
  A jelly (D)
  An ooze (D)
  A quokka skeleton (D)
6 creatures vanquished.

Notes
Turn   | Place    | Note
-------+----------+-------------------------------------------
     0 | D        | Fang the Gargoyle Berserker began the quest for the Orb.
     0 | D        | Reached XP level 1. HP: 14/14 MP: 1/1
     0 | D        | Found a blossoming altar of Fedhas.
     1 | D        | Found the +6 Majin-Bo {vamp, Archmagi MP+6 Int+6}
     1 | D        | Found the +7 great mace "Firestarter" {inner flame, rF++}
     2 | D        | Found a viscous altar of Jiyva.
     2 | D        | Found a transporter.
     2 | D        | Found a hazy altar of Hepliaklqana.
     2 | D        | Found an ancient bone altar of Kikubaaqudgha.
     2 | D        | Found an opulent altar of Gozag.
     2 | D        | Found a corrupted altar of Lugonu.
    15 | D        | Found a burning altar of Makhleb.
    17 | D        | Found a stormy altar of Qazlal.
    17 | D        | Found an iron altar of Okawaru.
    17 | D        | Found a sacrificial altar of Ru.
    17 | D        | Found a sparkling altar of Nemelex Xobeh.
    17 | D        | Found a shimmering blue altar of Sif Muna.
    17 | D        | Found a bloodstained altar of Trog.
    24 | D        | Found the +9 heavy crossbow "Sniper" {velocity, Acc+∞ SInv}
    24 | D        | Found the +10 dark maul {crush}
    24 | D        | Found the +15 Maxwell's patent armour {-Cast -Tele rElec
                  | MR+ rCorr}
    24 | D        | Found the +18 shield of the Gong {rElec rN+ MR+ EV-5}
    24 | D        | Found the cursed +14 obsidian axe {chop, +Fly SInv *Curse}
    79 | D        | Entered arena 2.
    79 | D        | Noticed a jelly
    79 | D        | Found a transporter.
    83 | D        | Killed a jelly
    83 | D        | Reached XP level 2. HP: 16/20 MP: 2/2
    83 | D        | Reached XP level 3. HP: 19/24 MP: 3/3
   245 | D        | Entered arena 3.
   245 | D        | Noticed a phantom
   245 | D        | Noticed a phantom
   245 | D        | Found a transporter.
   251 | D        | Reached ** piety under Trog
   256 | D        | Killed a phantom
   256 | D        | Reached skill level 5 in Axes
   256 | D        | Reached skill level 5 in Armour
   256 | D        | Reached XP level 4. HP: 32/32 MP: 4/4
   256 | D        | Reached XP level 5. HP: 36/36 MP: 5/5
   259 | D        | Killed a phantom
   259 | D        | Reached skill level 5 in Dodging
   265 | D        | Entered arena 4.
   265 | D        | Noticed a deep elf archer
   265 | D        | Noticed a deep elf mage
   265 | D        | Noticed a deep elf mage
   265 | D        | Found a transporter.
   268 | D        | Noticed a red devil
   270 | D        | Noticed a hellwing
   272 | D        | Reached XP level 6. HP: 44/44 MP: 6/6
   273 | D        | Noticed a tarantella
   273 | D        | Noticed a redback
   276 | D        | Noticed a tarantella
   276 | D        | Noticed a jumping spider
   277 | D        | Slain by a deep elf mage

Levels and vault maps discovered:
D:        sprint_v [room_start, room_1, room_2, room_3, room_4, room_5, room_6,
          room_7, room_8, room_9, room_10, room_11, room_12, room_13, room_14,
          room_15, room_16, room_17, room_18, room_19, room_20, room_21,
          room_22, room_23, room_24, room_25, room_26, room_27]

Skill      XL: |  1  2  3  4  5 |
---------------+----------------+-----
Axes           | 3 5 6 |  6.2
Dodging        | 3 4 5 |  5.3
Fighting       | 4 6 7 |  7.5
Armour         | 4 5 7 |  7.1

Action                   |  1- 3 |  4- 6 || total
-------------------------+-------+-------++-------
Melee: Broad axe         |    10 |    10 ||    20
Invok: Berserk           |       |     1 ||     1
       Trog's Hand       |       |     1 ||     1
  Eat: Ration            |       |     1 ||     1
Armor: Plate armour      |     5 |    19 ||    24
Dodge: Dodged            |       |     5 ||     5
Block: Shield            |    11 |    19 ||    30
